 Dungeon Crawl Stone Soup version 0.19.5 (webtiles) character file.

77 tidbits the Charmwright (level 4, -1/30 HPs)
             Began as a High Elf Skald on Nov 8, 2017.
             Slain by a hound (5 damage)
             ... on level 5 of the Dungeon.
             The game lasted 00:07:36 (910 turns).

tidbits the Charmwright (High Elf Skald)             Turns: 910, Time: 00:07:37

Health: -1/30      AC:  3    Str: 12    XL:     4   Next: 13%
Magic:  14/18      EV: 12    Int: 15    God:
Gold:   153        SH:  0    Dex: 15    Spells: 4 memorised, 1 level left

rFire  . . .     SeeInvis .     a - +0 falchion
rCold  . . .     Gourm    .     b - +0 leather armour
rNeg   . . .     Faith    .     (no shield)
rPois  .         Spirit   .     (no helmet)
rElec  .         Reflect  .     (no cloak)
rCorr  .         Harm     .     (no gloves)
MR     .....                    (no boots)
Stlth  ++........               (no amulet)
                                q - ring of stealth
                                g - ring of magical power

@: infused, very slightly contaminated
A: no striking features
a: no special abilities


You were on level 5 of the Dungeon.
You were hungry.

You visited 1 branch of the dungeon, and saw 6 of its levels.

You collected 153 gold pieces.

Inventory:

Hand Weapons
 a - a +0 falchion (weapon)
 j - a +0 shortbow
   (You found it on level 3 of the Dungeon)
 k - a cursed -3 hunting sling
   (You found it on level 3 of the Dungeon)
Missiles
 o - 15 sling bullets
 s - a throwing net (quivered) {!f}
 u - 5 steel javelins
Armour
 b - a +0 leather armour (worn)
 w - a +0 ring mail
   (You found it on level 2 of the Dungeon)
Jewellery
 g - a ring of magical power (left hand)
   (You found it on level 1 of the Dungeon)
 q - a ring of stealth (right hand)
   (You found it on level 3 of the Dungeon)
Wands
 i - a wand of slowing (18/48)
   (You found it on level 2 of the Dungeon)
Scrolls
 e - a scroll of teleportation {unknown}
 f - a scroll of remove curse {unknown}
 h - a scroll of amnesia {unknown}
 x - a scroll of blinking {unknown}
Potions
 l - a potion of berserk rage {unknown}
 n - 2 potions of invisibility {unknown}
 r - a potion of curing {unknown}
 t - a potion of heal wounds {unknown}
 v - 2 potions of cancellation {unknown}
 A - a potion of degeneration {unknown}
Books
 c - a book of Battle

   Spells                             Type                      Level
   a - Infusion                       Charms                       1
   b - Shroud of Golubria             Charms/Translocation         2
   c - Song of Slaying                Charms                       2
   d - Spectral Weapon                Hexes/Charms                 3
   e - Regeneration                   Charms/Necromancy            3
Comestibles
 d - 3 bread rations
 m - 3 meat rations
 p - a royal jelly
 z - a beef jerky


   Skills:
 - Level 2.3 Fighting
 - Level 3.3 Long Blades
 - Level 1.6 Armour
 - Level 1.8 Dodging
 - Level 3.0 Spellcasting
 + Level 0.4 Hexes
 - Level 4.0 Charms


You had one spell level left.
You knew the following spells:

 Your Spells              Type           Power        Failure   Level  Hunger
g - Shroud of Golubria    Chrm/Tloc      #.........   21%         2    ##.....
i - Infusion              Chrm           ##..         6%          1    #......
w - Spectral Weapon       Hex/Chrm       #.......     38%         3    ###....
y - Song of Slaying       Chrm           ##......     10%         2    ##.....


Dungeon Overview and Level Annotations

Branches:
Dungeon (6/15)             Temple (0/1) D:6

Altars:

Annotations:
D:5 p0werm0de's ghost, amateur HECK


Message History

You hit the jackal.
You kill the jackal!
The jackal bites you but does no damage.
The jackal barely misses you.
You closely miss the jackal.
Your spectral weapon barely misses the jackal.
The jackal bites you.
You hit the jackal but do no damage.
Your spectral weapon hits the jackal.
The jackal bites your spectral weapon.
Your spectral weapon shares its damage with you!
The jackal bites your spectral weapon.
You hit the jackal.
You kill the jackal!
As you open the door, it creaks loudly!
Found a pink potion.
Found a stone staircase leading down.
There is an open door here.
There is a stone staircase leading down here.
Your spectral weapon fades away.
A - a pink potion
There is a stone staircase leading down here.
You climb downwards.
A phantom and Edmund come into view.
Edmund is wielding a dire flail of holy wrath.
Found a scroll labeled LUOJ USMYI.
Found a staircase to the Ecumenical Temple.
There is a stone staircase leading up here.
Evoke which item? (* to show all) (? for menu, Esc to quit)
Zapping:
i - a wand of slowing (will waste charges)
Press: ? - help, Shift-Dir - straight line, f - Edmund
Aim: Edmund, wielding a dire flail of holy wrath and wearing a chain mail (resting, chance to defeat MR: 51%) Edmund shouts!
Edmund seems to slow down.
Evoking this partially-identified wand wasted a few charges.
A centaur zombie comes into view.
You see here a scroll labeled LUOJ USMYI.
Evoke which item? (* to show all) (? for menu, Esc to quit)
Zapping:
i - a wand of slowing {zapped: 3} (will waste charges)
Press: ? - help, Shift-Dir - straight line, f - centaur zombie, p - Edmund
Aim: a centaur zombie (hasn't noticed you, chance to defeat MR: 65%)
The centaur zombie seems to slow down.
Evoking this partially-identified wand wasted a few charges.
Casting: Spectral Weapon
Confirm with . or Enter, or press ? or * to list all spells.
You miscast Spectral Weapon.
You are very lightly contaminated with residual magic.
You feel a strange surge of energy!
Casting: Spectral Weapon
Confirm with . or Enter, or press ? or * to list all spells.
You draw out your weapon's spirit!
You are feeling hungry.
You hit Edmund but do no damage.
Your spectral weapon hits Edmund but does no damage.
The centaur zombie hits you. Edmund hits you but does no damage.
You barely miss Edmund.
Your spectral weapon completely misses Edmund.
The phantom hits your spectral weapon!
Your spectral weapon shares its damage with you!
The centaur zombie hits you.
* * * LOW HITPOINT WARNING * * *
The centaur zombie hits your spectral weapon.
Your spectral weapon shares its damage with you!
* * * LOW HITPOINT WARNING * * *
There is a stone staircase leading up here.
Edmund hits you with a dire flail of holy wrath!
* * * LOW HITPOINT WARNING * * *
You climb upwards.
Your spectral weapon fades away.
There is a stone staircase leading down here.
There is an open door here.
Edmund falls through a shaft!
The shaft crumbles and collapses.
Found a robe and a chain mail.
Okay, then.
You open the door.
A worker ant zombie comes into view.
Your magical contamination has completely faded away.
There is an open door here.
P0werm0de's ghost (amateur High Elf Chaos Knight) comes into view.
It is wielding a weapon of chaos.
Found a smoky purple potion.
There is an open door here.
Found a lumpy dark potion.
You open the door.
There is an open door here.
You now have 153 gold pieces (gained 7).
A hound comes into view.
The hound barks!
You open the door.
Casting: Spectral Weapon
Confirm with . or Enter, or press ? or * to list all spells.
You miscast Spectral Weapon.
You are very lightly contaminated with residual magic.
Multicoloured lights dance before your eyes!
The hound bites you.
* * * LOW HITPOINT WARNING * * *
Casting: Spectral Weapon
Confirm with . or Enter, or press ? or * to list all spells.
You begin infusing your attacks with magical energy.
The hound barely misses you.
Unknown command.
You closely miss the hound. The hound bites you.
You die...

#.....+.....
#.....#.....
#####'##.....
###+##+#####............
........................
........................
......................†.
........................
......h@....#######<....
######'###### #..... ...
#..... #.... #.....
#.... ###### #####


You could see a hound.

Vanquished Creatures
  A worker ant (D:4)
  An adder (D:3)
  An ooze (D:3)
  A worm (D:2)
  A leopard gecko (D:3)
  A giant cockroach (D:2)
  6 goblins (D:2)
  3 hobgoblins
  4 jackals (D:5)
  A quokka (D:3)
  2 ball pythons (D:2)
  2 bats
  4 frilled lizards
  2 kobolds (D:2)
  8 rats
38 creatures vanquished.

Notes
Turn   | Place    | Note
-------+----------+-------------------------------------------
     0 | D:1      | tidbits the High Elf Skald began the quest for the Orb.
     0 | D:1      | Reached XP level 1. HP: 14/14 MP: 4/4
   117 | D:2      | Reached skill level 1 in Armour
   195 | D:3      | Reached XP level 2. HP: 6/19 MP: 6/6
   200 | D:3      | Learned a level 2 spell: Song of Slaying
   203 | D:3      | Learned a level 2 spell: Shroud of Golubria
   388 | D:3      | Reached skill level 4 in Charms
   388 | D:3      | Reached XP level 3. HP: 11/24 MP: 8/8
   531 | D:2      | Reached skill level 3 in Spellcasting
   713 | D:4      | Reached skill level 3 in Long Blades
   713 | D:4      | Reached XP level 4. HP: 29/30 MP: 9/9
   718 | D:4      | Learned a level 3 spell: Spectral Weapon
   818 | D:5      | Entered Level 5 of the Dungeon
   845 | D:6      | Found a staircase to the Ecumenical Temple.
   845 | D:6      | Noticed Edmund
   845 | D:6      | Noticed a phantom
   875 | D:5      | Noticed p0werm0de's ghost (amateur HECK)
   910 | D:5      | Slain by a hound

Skill      XL: |  1  2  3 |
---------------+----------+-----
Armour         | 1 |  1.6
Charms         | 4 |  4.0
Spellcasting   | 3 |  3.0
Long Blades    | 3 |  3.3
Fighting       | |  2.3
Dodging        | |  1.8
Hexes          | |  0.4

Action                   |  1- 3 |  4- 6 || total
-------------------------+-------+-------++-------
Melee: Falchion          |    63 |    12 ||    75
 Cast: Infusion          |    16 |     1 ||    17
       Shroud of Golubri |     2 |       ||     2
       Spectral Weapon   |       |     2 ||     2
Evoke: Wand              |       |     2 ||     2
 Stab: Sleeping          |     1 |       ||     1
Armor: Leather armour    |    10 |     3 ||    13
Dodge: Dodged            |    35 |     4 ||    39
       Rpst.: Falchion   |    15 |     2 ||    17

Table legend:
 A = Turns spent in this place as a percentage of turns spent in the entire game.
 B = Non-inter-level travel turns spent in this place as a percentage of non-inter-level travel turns spent in the entire game.
 C = Inter-level travel turns spent in this place as a percentage of turns spent in this place.
 D = Turns resting spent in this place as a percentage of non-inter-level travel turns spent in this place.
 E = Turns spent auto-exploring this place as a percentage of non-inter-level travel turns spent in this place.
 F = Non-inter-level travel turns spent in this place divided by the number of levels of this place that you've seen.
                   A       B       C       D       E      F
               +-------+-------+-------+-------+-------+----------------------
         Total | 100.0 | 100.0 |   0.0 |   0.0 |   0.0 | 137.8
       Dungeon | 100.0 | 100.0 |   0.0 |   0.0 |   0.0 | 137.8
               +-------+-------+-------+-------+-------+----------------------

Table legend:
 A = Kills in this place as a percentage of kills in entire the game.
 B = Kills by you in this place as a percentage of kills by you in the entire game.
 C = Kills by friends in this place as a percentage of kills by friends in the entire game.
 D = Other kills in this place as a percentage of other kills in the entire game.
 E = Experience gained in this place as a percentage of experience gained in the entire game.
 F = Experience gained in this place divided by the number of levels of this place that you have seen.
                   A       B       C       D       E      F
               +-------+-------+-------+-------+-------+----------------------
         Total | 100.0 | 100.0 |  -nan |  -nan | 100.0 |  18.3
       Dungeon | 100.0 | 100.0 |  -nan |  -nan | 100.0 |  18.3
               +-------+-------+-------+-------+-------+----------------------

Vault maps used:
D:1:      eino_arrival_cavern_e, hex_medium
D:2:      small_statue_intersection
D:4:      serial_shops, shop
D:5:      first_bread
D:6:      minmay_temple_entry_statues_fountains, uniq_edmund,
          uniq_prince_ribbit1
